 Dungeon Crawl Stone Soup version 0.23-a0-470-g6f7cfd9 (webtiles) character file.

1836 Lavandula the Gusty (level 9, 86/86 HPs)
             Began as a Naga Air Elementalist on Nov 26, 2018.
             Quit the game on level 5 of the Dungeon.
             The game lasted 00:20:29 (4171 turns).

Lavandula the Gusty (Naga Air Elementalist)         Turns: 4171, Time: 00:20:30

Health: 86/86      AC:  5    Str: 10    XL:     9   Next: 11%
Magic:  15/15      EV: 13    Int: 19    God:
Gold:   299        SH:  3    Dex: 12    Spells: 3/16 levels left

rFire    . . .     SeeInvis +   v - +4 short sword (drain)
rCold    . . .     Gourm    .   (no shield)
rNeg     . . .     Faith    .   a - +0 robe
rPois    +         Spirit   .   (no helmet)
rElec    .         Reflect  +   D - +0 cloak
rCorr    .         Harm     .   (no gloves)
MR       +....                  (no barding)
Stlth    ++........             y - +3 amulet of reflection
HPRegen  0.24/turn              p - +3 ring of evasion
MPRegen  0.14/turn              (no ring)

@: very slow
A: large, see invisible, deformed body, poison resistance, slowness 2, slow
metabolism 1, spit poison 1, AC +3
a: Spit Poison


You were on level 5 of the Dungeon.
You were not hungry.

You visited 2 branches of the dungeon, and saw 9 of its levels.

You collected 299 gold pieces.

Inventory:

Hand Weapons
 t - a +0 spear
 v - a +4 short sword of draining (weapon)
Missiles
 q - 2 steel javelins (quivered)
Armour
 a - a +0 robe (worn)
 b - a +0 buckler
 D - a +0 cloak (worn)
Jewellery
 p - a +3 ring of evasion (left hand)
 y - a +3 amulet of reflection (around neck)
Wands
 B - a wand of enslavement (6)
Scrolls
 d - a scroll of enchant armour
 e - a scroll of random uselessness {unknown}
 h - 4 scrolls of enchant weapon
 k - 4 scrolls of immolation
 l - 2 scrolls of remove curse
 m - 2 scrolls of blinking
 u - 2 scrolls of amnesia {unknown}
 w - 5 scrolls of teleportation
Potions
 f - a potion of flight {unknown}
 g - 2 potions of cancellation
 i - 2 potions of resistance {unknown}
 j - a potion of ambrosia {unknown}
 n - a potion of might {unknown}
 o - 4 potions of agility
 r - a potion of magic {unknown}
 s - a potion of invisibility {unknown}
 x - 6 potions of curing
 z - 2 potions of mutation
 A - a potion of brilliance {unknown}
 C - a potion of heal wounds
Comestibles
 c - 9 rations


   Skills:
 - Level 7.4 Fighting
 - Level 2.2 Dodging
 - Level 3.0 Stealth
 - Level 4.0 Spellcasting
 - Level 1.0 Conjurations
 + Level 2.3 Charms
 - Level 7.6 Air Magic


You had 3 spell levels left.
You knew the following spells:

 Your Spells              Type           Power        Failure   Level  Hunger
a - Shock                 Conj/Air       ###.         2%          1    None
b - Swiftness             Chrm/Air       ###.....     2%          2    ##.....
c - Airstrike             Air            ####......   6%          4    ####...
d - Static Discharge      Conj/Air       ###.....     7%          3    ###....
e - Ozocubu's Armour      Chrm/Ice       #.......     26%         3    ###....

Your spell library contained the following spells:

 Spells                   Type           Power        Failure   Level  Hunger
 Freeze                   Ice            #...         14%         1    None
 Throw Frost              Conj/Ice       #.....       17%         2    ##.....
 Lightning Bolt           Conj/Air       ###.......   54%         5    ######.
 Throw Icicle             Conj/Ice       #.......     73%         4    ####...
 Summon Ice Beast         Ice/Summ       #.......     80%         4    ####...


Dungeon Overview and Level Annotations

Branches:
Dungeon (8/15)             Temple (1/1) D:5
   Lair: D:8-11

Altars:
Ashenzari
Cheibriados
Dithmenos
Elyvilon
Fedhas
Gozag
Hepliaklqana
Kikubaaqudgha
Nemelex Xobeh
Okawaru
Trog
Uskayaw
Vehumet
Wu Jian
Xom
Zin
The Shining One

Annotations:
D:7 exclusion: door


Innate Abilities, Weirdness & Mutations

You cannot wear boots.
Your serpentine skin is tough. (AC +3)
You have supernaturally acute eyesight. (SInv)
Armour fits poorly on your strangely shaped body.
Your system is resistant to poisons. (rPois)
You cover ground very slowly.
You have a slow metabolism.
You can spit poison.


Message History

Eating one of 2 chunks of flesh.
You eat one of the 2 chunks of flesh.
This raw flesh tastes terrible.
Magic restored.
You see here a large shield.
Found 20 arrows.
Found a staircase to the Ecumenical Temple.
There is a staircase to the Ecumenical Temple here.
You climb downwards.
Welcome to the Ecumenical Temple!
Found six altars.
There is a staircase back to the Dungeon here.
Found a sparkling altar of Nemelex Xobeh.
All of the chunks of flesh in your inventory have rotted away.
Found a shadowy altar of Dithmenos and a blossoming altar of Fedhas.
Found a white marble altar of Elyvilon.
Done exploring.
There is a staircase back to the Dungeon here.
You climb upwards.
Welcome back to the Dungeon!
There is a staircase to the Ecumenical Temple here.
Assign waypoint to what number? (0-9)
Okay, then.
Are you sure you want to abandon this character and quit the game? (Confirm

#.# #.# #.#####.#####.# #.#.#
##.#####.# #...# #.# #.# #(..#
.#....##.###############.# #####
.####.##.##≈≈§≈≈≈≈≈≈≈≈##.# # .#
#.#...#≈≈≈≈≈≈≈≈≈≈≈##.# #
.####.#..##≈≈≈≈≈≈≈≈§≈≈##.########
..........#≈≈≈#####≈≈≈##.#.......
..###.#.#.#≈≈≈#...######.#.######
..# #.#.#.#≈≈≈#.@.......(#.# #
..# #.....#≈≈≈#...#####..#.# #
..# #.....#≈≈≈#####≈≈≈##.#.# #
..###.....#≈≈≈≈≈≈≈≈≈≈≈##.#.#
..........#≈≈≈≈≈≈≈≈≈≈§#..#.#
#.###.....#≈≈§§≈≈≈≈§≈≈####.#
#.##......############# #.#
#......).....##.# #.#
####..#.#######.##########.# #


There were no monsters in sight!

Vanquished Creatures
  A hungry ghost (D:5)
  2 sky beasts
  2 orc warriors
  A black bear (D:6)
  A phantom (D:5)
  2 centaurs
  2 bullfrogs
  A water moccasin zombie (D:5)
  A wight (D:7)
  2 howler monkeys (D:6)
  2 crimson imps
  A human zombie (D:7)
  3 orc priests
  A bullfrog zombie (D:6)
  A hound (D:4)
  4 orc wizards
  2 centaur skeletons (D:7)
  A hound skeleton (D:7)
  2 mummies (D:7)
  6 gnolls
  8 adders
  A shadow imp (D:6)
  2 adder skeletons
  3 worms
  A dart slug (D:3)
  6 leopard geckos
  19 orcs
  A ball python (D:3)
  5 giant cockroaches
  2 hobgoblins (D:3)
  A jackal (D:2)
  4 quokkas
  A bat (D:2)
  4 frilled lizards
  10 goblins
  4 kobolds
  An orc zombie (D:7)
  7 rats
118 creatures vanquished.

Vanquished Creatures (others)
  A bush (D:6)
1 creature vanquished.

Grand Total: 119 creatures vanquished

Notes
Turn   | Place    | Note
-------+----------+-------------------------------------------
     0 | D:1      | Lavandula the Naga Air Elementalist began the quest for the
                  | Orb.
     0 | D:1      | Reached XP level 1. HP: 15/15 MP: 3/3
   353 | D:1      | Reached XP level 2. HP: 22/22 MP: 5/5
   446 | D:2      | Reached XP level 3. HP: 23/28 MP: 4/7
   559 | D:3      | Reached XP level 4. HP: 31/36 MP: 4/9
   665 | D:3      | Learned a level 2 spell: Swiftness
   691 | D:3      | Learned a level 4 spell: Airstrike
   878 | D:3      | Found an iron altar of Okawaru.
  1059 | D:3      | Reached XP level 5. HP: 33/42 MP: 7/11
  1299 | D:4      | Found an opulent altar of Gozag.
  1299 | D:4      | Found a bloodstained altar of Trog.
  1365 | D:5      | Entered Level 5 of the Dungeon
  1656 | D:4      | Found an ornate altar of the Wu Jian Council.
  1702 | D:6      | Noticed a phantom
  1717 | D:5      | Killed a phantom
  1717 | D:5      | Reached skill level 5 in Air Magic
  1717 | D:5      | Reached XP level 6. HP: 26/49 MP: 1/12
  1722 | D:5      | Noticed an ice beast
  1878 | D:7      | Noticed an orc warrior
  2079 | D:6      | Reached XP level 7. HP: 48/55 MP: 9/13
  2285 | D:7      | Learned a level 3 spell: Static Discharge
  2507 | D:7      | Reached skill level 1 in Fighting
  2617 | D:7      | Reached XP level 8. HP: 32/69 MP: 5/14
  3088 | D:6      | Reached skill level 5 in Fighting
  3370 | D:6      | Found a hide-covered altar of Uskayaw.
  3424 | D:6      | Found a shattered altar of Ashenzari.
  3890 | D:5      | Reached XP level 9. HP: 86/86 MP: 7/15
  3900 | D:5      | Found a glowing golden altar of the Shining One.
  3906 | D:5      | Learned a level 3 spell: Ozocubu's Armour
  4086 | D:5      | Found a staircase to the Ecumenical Temple.
  4095 | Temple   | Entered the Ecumenical Temple
  4171 | D:5      | Quit the game

Vault maps used:
D:1:      ncdulo_smallfort, minmay_misc_feat_cross
D:2:      nicolae_overflow_hidden_temple, minmay_joined_circles
D:3:      okawaru_trees_2
D:4:      lemuel_round_altar, gammafunk_temple_overflow_wave, first_ration
D:5:      tso_metal_star, minmay_temple_entry_poolview, minmay_misc_feat_encased
D:6:      lemuel_doored_altar, kennysheep_mini_moat, kb_lookout_dungeons_type,
          bh_walls_and_bars
D:7:      lemuel_mausoleum_altar_yredelemnul
D:8:      nicolae_ru_path_of_blood, minitemple, lair_entry_dummy,
          hangedman_ranch, uniq_harold
Temple:   eino_temple_lava

Skill      XL: |  1  2  3  4  5  6  7  8  9 |
---------------+----------------------------+-----
Spellcasting   | 3 4 |  4.0
Air Magic      | 5 6 7 |  7.6
Fighting       | 3 7 |  7.4
Dodging        | 2 |  2.2
Charms         | 2 |  2.3
Stealth        | |  3.0
Conjurations   | |  1.0

Action                   |  1- 3 |  4- 6 |  7- 9 || total
-------------------------+-------+-------+-------++-------
Melee: Short sword       |       |     1 |     1 ||     2
 Cast: Shock             |    17 |    62 |   115 ||   194
       Airstrike         |       |     4 |     8 ||    12
 Abil: Spit Poison       |    18 |    38 |    27 ||    83
  Use: Scroll            |       |     7 |     5 ||    12
       Potion            |       |       |     1 ||     1
 Stab: Distracted        |       |       |     1 ||     1
  Eat: Chunk             |       |     6 |     9 ||    15
Armor: Robe              |     1 |     3 |    15 ||    19
Dodge: Dodged            |    12 |    38 |    63 ||   113
Block: Other             |       |     3 |    12 ||    15

Table legend:
 A = Non-vault XP
 B = Vault XP
 C = Vault XP percentage of total XP
 D = Non-vault monster count
 E = Vault monster count
 F = Vault count percentage of total count
                 A         B        C        D         E       F
            +---------+---------+-------+---------+---------+-------
      Total |    2338 |     286 |  10.9 |      98 |      20 |  16.9
            +---------+---------+-------+---------+---------+-------
        D:1 |       2 |       0 |   0.0 |       1 |       0 |   0.0
        D:2 |      27 |      34 |  55.7 |       9 |      14 |  60.9
        D:3 |     119 |       0 |   0.0 |      27 |       0 |   0.0
        D:4 |      57 |       0 |   0.0 |       5 |       0 |   0.0
        D:5 |     660 |       0 |   0.0 |      11 |       0 |   0.0
        D:6 |     808 |     115 |  12.5 |      23 |       1 |   4.2
        D:7 |     665 |     137 |  17.1 |      22 |       5 |  18.5
            +---------+---------+-------+---------+---------+-------
